Detroit Red Wings vs Nashville Predators
Created - Tuesday, February 11, 2025 at 07:53
Goals
|
| Detroit Red Wings |
0 |
0 |
3 |
0 |
0 |
3 |
| Nashville Predators |
0 |
2 |
1 |
0 |
1 |
4 |
|
Shots
|
| Detroit Red Wings |
6 |
13 |
14 |
1 |
4 |
34 |
| Nashville Predators |
12 |
13 |
10 |
1 |
4 |
36 |
|
1st period
No Goal
Penalties :
Timo Meier (NSH) for Tripping (Minor) at 8:05, Artem Zub (NSH) for Goalie Interference (Minor) at 14:02
2nd period
1. Nashville Predators , Pius Suter 1 (Thomas Novak 1) at 8:37
2. Nashville Predators , Leo Carlsson 5 (Trevor Zegras 7, Brandon Hagel 7) at 13:58 (PP)
Penalties :
Steven Stamkos (DET) for Tripping (Minor) at 10:14, Zach Bogosian (DET) for Interference (Minor) at 13:48
3rd period
3. Detroit Red Wings , Carter Verhaeghe 2 (Zachary Werenski 1, Matthew Boldy 6) at 4:29 (PP)
4. Detroit Red Wings , Steven Stamkos 6 (Daniel Sprong 3) at 4:39
5. Detroit Red Wings , Brendan Gallagher 3 (Shayne Gostisbehere 3, Christian Fischer 3) at 16:23
6. Nashville Predators , Christian Dvorak 2 (Brandon Montour 4, Colton Sissons 9) at 18:54 (SH)
Penalties :
Brandon Hagel (NSH) for Slashing (Minor) at 0:26, Brandon Hagel (NSH) for Hooking (Minor) at 4:13, Artem Zub (NSH) for High sticking (Minor) at 17:07
Overtime #1
No Goal
Penalties :
No Penalty
Shootout
Detroit Red Wings, Mika Zibanejad - Shot Misses the Net
Nashville Predators, Alex DeBrincat - Stopped by Laurent Brossoit
Detroit Red Wings, Steven Stamkos - Stopped by Thatcher Demko
Nashville Predators, Brandon Hagel - Stopped by Laurent Brossoit
Detroit Red Wings, Matthew Boldy - Stopped by Thatcher Demko
Nashville Predators, Thomas Novak - Shot Misses the Net
Detroit Red Wings, Carter Verhaeghe - Stopped by Thatcher Demko
Nashville Predators, Timo Meier - Goal!
Penalties :
No Penalty
Goalie Stats
Laurent Brossoit (DET), 33 saves from 36 shots - (0.917), OTL, 0-0-1, 65:00 minutes
Thatcher Demko (NSH), 31 saves from 34 shots - (0.912), W, 5-2-1, 65:00 minutes
Players Stats for Detroit Red Wings
Player Name G A P +/- PIM S H SB GA TA FO MP PP MP PK MP
------------------------------------------------------------------------------------
Brendan Gallagher 1 0 1 1 0 2 1 0 0 0 0/0 7:47 0:00 0:00
Carter Verhaeghe 1 0 1 -1 0 4 4 0 1 0 0/2 21:22 4:01 0:00
Christian Fischer 0 1 1 0 0 1 0 1 0 0 0/1 13:52 0:00 0:57
Daniel Sprong 0 1 1 0 0 1 1 0 1 1 0/0 19:33 4:08 0:00
Jackson LaCombe 0 0 0 -1 0 0 2 1 0 1 0/0 18:02 0:00 1:20
Jared McCann 0 0 0 0 0 3 0 1 0 0 1/1 19:15 4:11 0:00
Jeff Petry 0 0 0 1 0 0 1 1 0 0 0/0 23:29 3:58 0:00
Keegan Kolesar 0 0 0 1 0 0 4 0 0 0 0/0 8:38 0:00 1:12
Kevin Stenlund 0 0 0 1 0 1 0 0 0 0 2/3 8:41 0:03 1:12
MacKenzie Weegar 0 0 0 0 0 0 3 2 0 2 0/0 30:01 4:14 1:20
Matthew Boldy 0 1 1 -1 0 3 2 0 1 0 0/1 20:43 4:01 0:00
Mika Zibanejad 0 0 0 -1 0 4 0 0 2 1 7/15 22:32 4:01 0:57
Raphael Lavoie 0 0 0 0 0 1 0 0 0 1 4/8 12:44 0:00 0:00
Shayne Gostisbehere 0 1 1 0 0 2 1 3 0 1 0/0 21:20 4:14 0:10
Steven Stamkos 1 0 1 0 2 3 1 0 2 0 8/33 20:57 4:11 0:00
Tyler Johnson 0 0 0 0 0 4 1 2 0 0 0/0 11:46 0:00 0:00
Zach Bogosian 0 0 0 -1 2 1 1 0 1 0 0/0 11:19 0:00 0:39
Zachary Werenski 0 1 1 1 0 4 3 1 0 1 0/0 25:48 3:58 0:49
Players Stats for Nashville Predators
Player Name G A P +/- PIM S H SB GA TA FO MP PP MP PK MP
------------------------------------------------------------------------------------
Alex DeBrincat 0 0 0 -1 0 1 2 1 1 2 1/1 17:22 1:00 0:28
Alexander Wennberg 0 0 0 0 0 3 0 0 0 0 10/14 17:36 0:00 1:19
Artem Zub 0 0 0 -1 4 2 3 1 0 4 0/0 27:05 0:00 2:25
Ben Chiarot 0 0 0 0 0 2 0 0 0 0 0/0 19:41 0:00 4:39
Brandon Hagel 0 1 1 -1 4 4 3 1 1 0 1/5 22:46 1:09 3:12
Brandon Montour 0 1 1 1 0 2 4 1 0 0 0/0 21:13 1:20 0:41
Christian Dvorak 1 0 1 1 0 3 1 0 1 0 2/2 9:37 0:00 1:19
Colton Sissons 0 1 1 -1 0 1 1 1 2 0 21/29 23:48 1:09 4:31
Jack Roslovic 0 0 0 0 0 1 0 0 1 0 0/0 7:39 0:00 0:00
Leo Carlsson 1 0 1 1 0 3 4 0 0 0 0/0 17:53 1:09 2:30
Mattias Samuelsson 0 0 0 0 0 0 0 0 0 0 0/0 2:45 0:00 0:00
Pius Suter 1 0 1 1 0 2 3 0 1 0 0/2 17:24 1:00 2:23
Rasmus Andersson 0 0 0 1 0 1 1 1 1 1 0/0 25:52 0:49 4:51
Taylor Raddysh 0 0 0 0 0 1 0 0 0 0 0/0 7:39 0:00 0:00
Thomas Novak 0 1 1 1 0 2 1 0 0 0 6/10 11:25 0:00 0:00
Timo Meier 0 0 0 -1 2 1 1 0 0 0 1/1 14:38 1:00 0:00
Travis Sanheim 0 0 0 -1 0 2 5 1 0 1 0/0 31:05 1:20 3:29
Trevor Zegras 0 1 1 -1 0 5 1 0 0 0 0/0 16:15 0:49 1:01
3 Stars
1 - Leo Carlsson (NSH)
2 - Pius Suter (NSH)
3 - Christian Dvorak (NSH)
Power Play
Detroit Red Wings - 1 on 5 Attempt(s) - 20.00%
Nashville Predators - 1 on 2 Attempt(s) - 50.00%
Penalty Kill
Detroit Red Wings - 1 on 2 Attempt(s) - 50.00%
- Score 0 goal in Penalty Kill
Nashville Predators - 4 on 5 Attempt(s) - 80.00%
- Score 1 goal in Penalty Kill
Team Stat
Detroit Red Wings - Hits : 25 - Faceoff Wins : 22 - Blocked Shots : 12 - Penalty Minutes : 4
Nashville Predators - Hits : 30 - Faceoff Wins : 42 - Blocked Shots : 7 - Penalty Minutes : 10
Official
Referees : Brian Pochmara and Jean Hebert
Linesman : Kilian McNamara and James Tobias
Game Notes
Mattias Samuelsson is injured at 7:19 of 1st period (Right Hand)
Finance
Level 1 -- Attendance: 5075 (84.58%) -- Ticket Income $507,500
Level 2 -- Attendance: 3987 (79.74%) -- Ticket Income $239,220
Level 3 -- Attendance: 2507 (83.57%) -- Ticket Income $87,745
Level 4 -- Attendance: 3456 (69.12%) -- Ticket Income $86,400
Luxury Box -- Attendance: 822 (82.20%) -- Ticket Income $164,400
Game was played at the Bridgestone Arena.
Total Attendance: 15847 (79.24%)
Total Ticket Income: $1,085,265
Other Income: $379,843
Total Income: $1,465,108
Detroit Red Wings
5 vs 5 Forward
Center Left Wing Right Wing Time % Phy DF OF
1 Mika Zibanejad Carter Verhaeghe Matthew Boldy 35 1 2 2
2 Steven Stamkos Jared McCann Daniel Sprong 35 1 1 3
3 Raphael Lavoie Tyler Johnson Christian Fischer 20 1 2 2
4 Kevin Stenlund Brendan Gallagher Keegan Kolesar 10 2 2 1
5 vs 5 Defense
Defense Defense Time % Phy DF OF
1 Zachary Werenski MacKenzie Weegar 40 1 2 2
2 Shayne Gostisbehere Jeff Petry 30 1 2 2
3 Jackson LaCombe Zach Bogosian 20 3 1 1
4 Jackson LaCombe MacKenzie Weegar 10 1 2 2
PowerPlay Forward
Center Left Wing Right Wing Time % Phy DF OF
1 Steven Stamkos Jared McCann Daniel Sprong 50 0 1 4
2 Mika Zibanejad Carter Verhaeghe Matthew Boldy 50 0 1 4
PowerPlay Defense
Defense Defense Time % Phy DF OF
1 Shayne Gostisbehere MacKenzie Weegar 50 1 2 2
2 Zachary Werenski Jeff Petry 50 1 2 2
Penalty Kill 4 Players Forward
Center Wing Time % Phy DF OF
1 Mika Zibanejad Christian Fischer 50 2 2 1
2 Kevin Stenlund Keegan Kolesar 50 2 2 1
Penalty Kill 4 Players Defense
Defense Defense Time % Phy DF OF
1 Jackson LaCombe MacKenzie Weegar 50 2 2 1
2 Zach Bogosian Zachary Werenski 50 2 2 1
Penalty Kill - 3 Players Forward
Forward Time % Phy DF OF
1 Mika Zibanejad 50 1 2 2
2 Steven Stamkos 50 1 2 2
Penalty Kill - 3 Players Defense
Defense Defense Time % Phy DF OF
1 Jackson LaCombe MacKenzie Weegar 50 1 2 2
2 Zachary Werenski Jeff Petry 50 2 2 1
4 vs 4 Forward
Center Wing Time % Phy DF OF
1 Mika Zibanejad Carter Verhaeghe 60 1 2 2
2 Steven Stamkos Matthew Boldy 40 1 1 3
4 vs 4 Defense
Defense Defense Time % Phy DF OF
1 Zachary Werenski MacKenzie Weegar 60 1 2 2
2 Jackson LaCombe Jeff Petry 40 1 2 2
Last Minutes Offensive
Center Left Wing Right Wing Defense Defense
Mika Zibanejad Carter Verhaeghe Matthew Boldy Zachary Werenski MacKenzie Weegar
Last Minutes Defensive
Center Left Wing Right Wing Defense Defense
Mika Zibanejad Carter Verhaeghe Matthew Boldy Zachary Werenski MacKenzie Weegar
Goaltenders
Starting : Laurent Brossoit
Backup : Calvin Pickard
Extra Forwards
Normal : Raphael Lavoie, Christian Fischer, Daniel Sprong - PP : Kevin Stenlund, Daniel Sprong - PK : Steven Stamkos
Extra Defensemen
Normal : Shayne Gostisbehere, Jackson LaCombe, Zach Bogosian - PP : Shayne Gostisbehere - PK : Shayne Gostisbehere, Jackson LaCombe
Penalty Shots
Mika Zibanejad, Steven Stamkos, Matthew Boldy, Carter Verhaeghe, Jared McCann
Scratches
Alexander Barabanov (Healthy), Kevin Shattenkirk (Healthy), Yakov Trenin (Healthy), Vitek Vanecek (Healthy)
Nashville Predators
5 vs 5 Forward
Center Left Wing Right Wing Time % Phy DF OF
1 Colton Sissons Brandon Hagel Alex DeBrincat 37 0 2 3
2 Alexander Wennberg Trevor Zegras Timo Meier 33 0 2 3
3 Thomas Novak Pius Suter Leo Carlsson 25 0 2 3
4 Christian Dvorak Jack Roslovic Taylor Raddysh 5 0 3 2
5 vs 5 Defense
Defense Defense Time % Phy DF OF
1 Mattias Samuelsson Brandon Montour 40 1 2 2
2 Artem Zub Travis Sanheim 36 1 4 0
3 Ben Chiarot Rasmus Andersson 24 0 5 0
4 Artem Zub Ben Chiarot 0 1 3 1
PowerPlay Forward
Center Left Wing Right Wing Time % Phy DF OF
1 Pius Suter Timo Meier Alex DeBrincat 50 1 1 3
2 Colton Sissons Brandon Hagel Leo Carlsson 50 1 1 3
PowerPlay Defense
Defense Defense Time % Phy DF OF
1 Brandon Montour Travis Sanheim 50 1 1 3
2 Trevor Zegras Rasmus Andersson 50 2 2 1
Penalty Kill 4 Players Forward
Center Wing Time % Phy DF OF
1 Colton Sissons Brandon Hagel 65 1 2 2
2 Christian Dvorak Alexander Wennberg 35 1 2 2
Penalty Kill 4 Players Defense
Defense Defense Time % Phy DF OF
1 Artem Zub Mattias Samuelsson 60 2 3 0
2 Travis Sanheim Rasmus Andersson 40 1 3 1
Penalty Kill - 3 Players Forward
Forward Time % Phy DF OF
1 Colton Sissons 50 1 2 2
2 Christian Dvorak 50 1 2 2
Penalty Kill - 3 Players Defense
Defense Defense Time % Phy DF OF
1 Artem Zub Mattias Samuelsson 50 1 2 2
2 Travis Sanheim Rasmus Andersson 50 1 2 2
4 vs 4 Forward
Center Wing Time % Phy DF OF
1 Colton Sissons Leo Carlsson 50 1 2 2
2 Alexander Wennberg Brandon Hagel 50 1 2 2
4 vs 4 Defense
Defense Defense Time % Phy DF OF
1 Brandon Montour Travis Sanheim 60 2 2 1
2 Rasmus Andersson Artem Zub 40 2 2 1
Last Minutes Offensive
Center Left Wing Right Wing Defense Defense
Colton Sissons Alex DeBrincat Timo Meier Brandon Hagel Brandon Montour
Last Minutes Defensive
Center Left Wing Right Wing Defense Defense
Alexander Wennberg Brandon Hagel Colton Sissons Rasmus Andersson Mattias Samuelsson
Goaltenders
Starting : Thatcher Demko
Backup : Anthony Stolarz
Extra Forwards
Normal : Leo Carlsson, Trevor Zegras, Pius Suter - PP : Trevor Zegras, Thomas Novak - PK : Leo Carlsson
Extra Defensemen
Normal : Rasmus Andersson, Brandon Montour, Travis Sanheim - PP : Rasmus Andersson - PK : Ben Chiarot, Artem Zub
Penalty Shots
Alex DeBrincat, Brandon Hagel, Thomas Novak, Timo Meier, Leo Carlsson
Scratches
Kailer Yamamoto (Healthy), Victor Olofsson (Healthy), Simon Benoit (Healthy), Mads Sogaard (Healthy), Samuel Ersson (Healthy)
% Time on Ice - Detroit Red Wings
Lines # - Real PCT - Wanted PCT - Time Play
Normal Forward
1 - 31% - 35% - 15:30
2 - 30% - 35% - 14:57
3 - 24% - 20% - 11:46
4 - 15% - 10% - 7:26
Normal Defense
1 - 37% - 40% - 18:30
2 - 34% - 30% - 17:05
3 - 21% - 20% - 10:30
4 - 7% - 10% - 3:34
PP Forward
1 - 51% - 50% - 4:11
2 - 49% - 50% - 4:01
PP Defense
1 - 52% - 50% - 4:14
2 - 48% - 50% - 3:58
PK Forward
1 - 44% - 50% - 0:57
2 - 56% - 50% - 1:12
PK Defense
1 - 62% - 50% - 1:20
2 - 38% - 50% - 0:49
PK3 Forward
1 - 0% - 50%
2 - 0% - 50%
PK3 Defense
1 - 0% - 50%
2 - 0% - 50%
44 Forward
1 - 70% - 60% - 3:29
2 - 30% - 40% - 1:31
44 Defense
1 - 51% - 60% - 2:34
2 - 49% - 40% - 2:26
Last Minute Offensive - 0:00
Last Minute Defensive - 0:00
Total
Forward - 65:00
Defense - 65:00
|
% Time on Ice - Nashville Predators
Lines # - Real PCT - Wanted PCT - Time Play
Normal Forward
1 - 33% - 37% - 16:28
2 - 28% - 33% - 14:07
3 - 23% - 25% - 11:25
4 - 15% - 5% - 7:39
Normal Defense
1 - 42% - 40% - 20:57
2 - 33% - 36% - 16:29
3 - 21% - 24% - 10:39
4 - 3% - 0% - 1:34
PP Forward
1 - 47% - 50% - 1:00
2 - 53% - 50% - 1:09
PP Defense
1 - 62% - 50% - 1:20
2 - 38% - 50% - 0:49
PK Forward
1 - 84% - 65% - 6:53
2 - 16% - 35% - 1:19
PK Defense
1 - 78% - 60% - 6:23
2 - 22% - 40% - 1:49
PK3 Forward
1 - 0% - 50%
2 - 0% - 50%
PK3 Defense
1 - 0% - 50%
2 - 0% - 50%
44 Forward
1 - 50% - 50% - 2:30
2 - 50% - 50% - 2:30
44 Defense
1 - 59% - 60% - 2:57
2 - 41% - 40% - 2:03
Last Minute Offensive - 0:00
Last Minute Defensive - 0:00
Total
Forward - 65:00
Defense - 65:00
|
Play-by-Play
1st period
0:01 of 1st period - Colton Sissons wins face-off versus Carter Verhaeghe in neutral zone.
0:04 of 1st period - Slapshot by Alex DeBrincat.
0:04 of 1st period - Shot Blocked by MacKenzie Weegar.
0:14 of 1st period - Mattias Samuelsson is hit by Matthew Boldy and loses puck.
1:51 of 1st period - Wrist shot by Steven Stamkos.
1:51 of 1st period - Shot Misses the Net.
1:53 of 1st period - Wrist shot by Jared McCann.
1:53 of 1st period - Shot Misses the Net.
1:55 of 1st period - Slapshot by Jared McCann.
1:55 of 1st period - Shot Misses the Net.
1:57 of 1st period - Slapshot by Zach Bogosian.
1:57 of 1st period - Shot Blocked by Travis Sanheim.
1:59 of 1st period - Slapshot by Zach Bogosian.
1:59 of 1st period - Stopped by Thatcher Demko with a rebound.
2:09 of 1st period - Christian Fischer is hit by Leo Carlsson and loses puck.
2:38 of 1st period - Slapshot by Zachary Werenski.
2:38 of 1st period - Stopped by Thatcher Demko with a rebound.
3:14 of 1st period - Wrist shot by Taylor Raddysh.
3:14 of 1st period - Shot Blocked by Jeff Petry.
3:16 of 1st period - Slapshot by Travis Sanheim.
3:16 of 1st period - Stopped by Laurent Brossoit without a rebound.
3:17 of 1st period - Alexander Wennberg wins face-off versus Mika Zibanejad in Detroit Red Wings zone.
3:24 of 1st period - Wrist shot by Alexander Wennberg.
3:24 of 1st period - Stopped by Laurent Brossoit without a rebound.
3:25 of 1st period - Mika Zibanejad wins face-off versus Alexander Wennberg in Detroit Red Wings zone.
4:02 of 1st period - Wrist shot by Carter Verhaeghe.
4:02 of 1st period - Stopped by Thatcher Demko without a rebound.
4:03 of 1st period - Steven Stamkos wins face-off versus Colton Sissons in Nashville Predators zone.
4:14 of 1st period - Wrist shot by Colton Sissons.
4:14 of 1st period - Shot Misses the Net.
4:16 of 1st period - Snap shot by Rasmus Andersson.
4:16 of 1st period - Deflect By Colton Sissons.
4:16 of 1st period - Stopped by Laurent Brossoit with a rebound.
4:18 of 1st period - Wrist shot by Alex DeBrincat.
4:18 of 1st period - Shot Misses the Net.
4:30 of 1st period - Jeff Petry is hit by Pius Suter and loses puck.
4:37 of 1st period - Wrist shot by Pius Suter.
4:37 of 1st period - Shot Misses the Net.
4:55 of 1st period - Wrist shot by Christian Dvorak.
4:55 of 1st period - Shot Misses the Net.
4:57 of 1st period - Slapshot by Travis Sanheim.
4:57 of 1st period - Shot Blocked by Shayne Gostisbehere.
4:59 of 1st period - Slapshot by Artem Zub.
4:59 of 1st period - Stopped by Laurent Brossoit with a rebound.
5:32 of 1st period - Snap shot by Shayne Gostisbehere.
5:32 of 1st period - Stopped by Thatcher Demko with a rebound.
5:38 of 1st period - Jeff Petry is hit by Colton Sissons and loses puck.
5:51 of 1st period - Slapshot by Leo Carlsson.
5:51 of 1st period - Shot Blocked by Tyler Johnson.
5:53 of 1st period - Slapshot by Pius Suter.
5:53 of 1st period - Deflect By Thomas Novak.
5:53 of 1st period - Stopped by Laurent Brossoit without a rebound.
5:54 of 1st period - Raphael Lavoie wins face-off versus Thomas Novak in Detroit Red Wings zone.
6:31 of 1st period - Snap shot by Tyler Johnson.
6:31 of 1st period - Deflect By Raphael Lavoie.
6:31 of 1st period - Shot Misses the Net.
6:31 of 1st period - Puck is out of play.
6:32 of 1st period - Steven Stamkos wins face-off versus Colton Sissons in Nashville Predators zone.
6:33 of 1st period - Slapshot by Jared McCann.
6:33 of 1st period - Shot Blocked by Brandon Hagel.
6:35 of 1st period - Snap shot by Jared McCann.
6:35 of 1st period - Shot Misses the Net.
7:18 of 1st period - Mattias Samuelsson is hit by Keegan Kolesar.
7:19 of 1st period - Mattias Samuelsson from Nashville Predators is injured at 7:19 of 1st period (Right Hand).
7:20 of 1st period - Jared McCann wins face-off versus Colton Sissons in Nashville Predators zone.
8:05 of 1st period - Minor Penalty to Timo Meier for Tripping.
8:06 of 1st period - Colton Sissons wins face-off versus Steven Stamkos in Nashville Predators zone.
10:05 of 1st period - Penalty to Timo Meier is over, Timo Meier is back on ice.
10:07 of 1st period - Jared McCann is hit by Artem Zub and loses puck.
10:30 of 1st period - Slapshot by Christian Dvorak.
10:30 of 1st period - Stopped by Laurent Brossoit with a rebound.
10:40 of 1st period - Rasmus Andersson is hit by Brendan Gallagher.
10:44 of 1st period - Brendan Gallagher is hit by Travis Sanheim and loses puck.
11:07 of 1st period - MacKenzie Weegar is hit by Brandon Montour and loses puck.
11:20 of 1st period - Travis Sanheim is hit by Keegan Kolesar and loses puck.
11:57 of 1st period - Brandon Hagel is hit by Daniel Sprong and loses puck.
12:27 of 1st period - Mika Zibanejad is hit by Brandon Hagel and loses puck.
12:59 of 1st period - Rasmus Andersson is hit by Keegan Kolesar and loses puck.
13:23 of 1st period - Jackson LaCombe is hit by Alex DeBrincat and loses puck.
13:28 of 1st period - Wrist shot by Brandon Hagel.
13:28 of 1st period - Stopped by Laurent Brossoit without a rebound.
13:29 of 1st period - Colton Sissons wins face-off versus Matthew Boldy in Detroit Red Wings zone.
13:30 of 1st period - Snap shot by Alex DeBrincat.
13:30 of 1st period - Stopped by Laurent Brossoit with a rebound.
13:59 of 1st period - Wrist shot by Mika Zibanejad.
13:59 of 1st period - Stopped by Thatcher Demko without a rebound.
14:00 of 1st period - Steven Stamkos wins face-off versus Alexander Wennberg in Nashville Predators zone.
14:02 of 1st period - Minor Penalty to Artem Zub for Goalie Interference.
14:03 of 1st period - Mika Zibanejad wins face-off versus Colton Sissons in Nashville Predators zone.
14:05 of 1st period - Backhand shot by Matthew Boldy.
14:05 of 1st period - Shot Misses the Net.
16:02 of 1st period - Penalty to Artem Zub is over, Artem Zub is back on ice.
16:26 of 1st period - Backhand shot by Christian Dvorak.
16:26 of 1st period - Deflect By Alexander Wennberg.
16:26 of 1st period - Stopped by Laurent Brossoit with a rebound.
16:28 of 1st period - Snap shot by Pius Suter.
16:28 of 1st period - Stopped by Laurent Brossoit with a rebound.
16:34 of 1st period - Snap shot by Alexander Wennberg.
16:34 of 1st period - Shot Misses the Net.
16:40 of 1st period - Wrist shot by Alexander Wennberg.
16:40 of 1st period - Stopped by Laurent Brossoit without a rebound.
16:41 of 1st period - Raphael Lavoie wins face-off versus Brandon Hagel in Detroit Red Wings zone.
16:54 of 1st period - Brandon Hagel is hit by Tyler Johnson and loses puck.
18:40 of 1st period - Wrist shot by Tyler Johnson.
18:40 of 1st period - Stopped by Thatcher Demko with a rebound.
19:26 of 1st period - Ben Chiarot is hit by Carter Verhaeghe and loses puck.
19:47 of 1st period - Wrist shot by Brandon Hagel.
19:47 of 1st period - Stopped by Laurent Brossoit with a rebound.
Goals for this period are 0 for Detroit Red Wings vs 0 for Nashville Predators.
Shots for this period are 6 for Detroit Red Wings vs 12 for Nashville Predators.
2nd period
0:01 of 2nd period - Colton Sissons wins face-off versus Steven Stamkos in neutral zone.
0:06 of 2nd period - Slapshot by Travis Sanheim.
0:06 of 2nd period - Shot Misses the Net.
0:16 of 2nd period - Slapshot by Steven Stamkos.
0:16 of 2nd period - Shot Blocked by Colton Sissons.
0:39 of 2nd period - Slapshot by Tyler Johnson.
0:39 of 2nd period - Stopped by Thatcher Demko without a rebound.
0:40 of 2nd period - Thomas Novak wins face-off versus Steven Stamkos in Nashville Predators zone.
1:03 of 2nd period - Icing by Jeff Petry.
1:04 of 2nd period - Steven Stamkos wins face-off versus Alexander Wennberg in Detroit Red Wings zone.
1:20 of 2nd period - Off-side.
1:21 of 2nd period - Steven Stamkos wins face-off versus Brandon Hagel in neutral zone.
1:24 of 2nd period - Brandon Hagel is hit by Zachary Werenski.
1:46 of 2nd period - Thomas Novak is hit by Carter Verhaeghe and loses puck.
1:55 of 2nd period - Matthew Boldy is hit by Leo Carlsson and loses puck.
2:48 of 2nd period - Slapshot by Brandon Montour.
2:48 of 2nd period - Shot Blocked by Shayne Gostisbehere.
3:10 of 2nd period - Slapshot by Brandon Montour.
3:10 of 2nd period - Shot Blocked by Shayne Gostisbehere.
3:12 of 2nd period - Slapshot by Brandon Montour.
3:12 of 2nd period - Stopped by Laurent Brossoit with a rebound.
3:14 of 2nd period - Wrist shot by Pius Suter.
3:14 of 2nd period - Shot Misses the Net.
3:25 of 2nd period - Icing by Shayne Gostisbehere.
3:26 of 2nd period - Alexander Wennberg wins face-off versus Raphael Lavoie in Detroit Red Wings zone.
3:33 of 2nd period - Snap shot by Trevor Zegras.
3:33 of 2nd period - Stopped by Laurent Brossoit without a rebound.
3:34 of 2nd period - Colton Sissons wins face-off versus Steven Stamkos in Detroit Red Wings zone.
3:45 of 2nd period - Rasmus Andersson is hit by Zach Bogosian and loses puck.
4:05 of 2nd period - Matthew Boldy is hit by Leo Carlsson and loses puck.
4:22 of 2nd period - Matthew Boldy is hit by Travis Sanheim and loses puck.
4:48 of 2nd period - Snap shot by Tyler Johnson.
4:48 of 2nd period - Stopped by Thatcher Demko with a rebound.
4:50 of 2nd period - Wrist shot by Tyler Johnson.
4:50 of 2nd period - Stopped by Thatcher Demko with a rebound.
4:52 of 2nd period - Slapshot by Shayne Gostisbehere.
4:52 of 2nd period - Stopped by Thatcher Demko without a rebound.
4:53 of 2nd period - Colton Sissons wins face-off versus Raphael Lavoie in Nashville Predators zone.
4:53 of 2nd period - Colton Sissons is hit by Shayne Gostisbehere.
5:23 of 2nd period - Wrist shot by Thomas Novak.
5:23 of 2nd period - Stopped by Laurent Brossoit without a rebound.
5:24 of 2nd period - Steven Stamkos wins face-off versus Thomas Novak in Detroit Red Wings zone.
5:35 of 2nd period - Wrist shot by Steven Stamkos.
5:35 of 2nd period - Stopped by Thatcher Demko without a rebound.
5:36 of 2nd period - Colton Sissons wins face-off versus Steven Stamkos in Nashville Predators zone.
5:36 of 2nd period - Colton Sissons is hit by Steven Stamkos.
5:48 of 2nd period - Zachary Werenski is hit by Artem Zub and loses puck.
6:27 of 2nd period - Snap shot by Christian Fischer.
6:27 of 2nd period - Stopped by Thatcher Demko with a rebound.
6:29 of 2nd period - Snap shot by Raphael Lavoie.
6:29 of 2nd period - Shot Blocked by Artem Zub.
7:06 of 2nd period - Wrist shot by Trevor Zegras.
7:06 of 2nd period - Shot Misses the Net.
7:54 of 2nd period - Snap shot by Christian Fischer.
7:54 of 2nd period - Shot Misses the Net.
8:33 of 2nd period - Slapshot by Trevor Zegras.
8:33 of 2nd period - Shot Blocked by Zachary Werenski.
8:35 of 2nd period - Snap shot by Trevor Zegras.
8:35 of 2nd period - Stopped by Laurent Brossoit without a rebound.
8:36 of 2nd period - Thomas Novak wins face-off versus Steven Stamkos in Detroit Red Wings zone.
8:37 of 2nd period - Wrist shot by Pius Suter.
8:37 of 2nd period - Goal by Pius Suter - Detroit Red Wings : 0 - Nashville Predators : 1.
8:38 of 2nd period - Colton Sissons wins face-off versus Steven Stamkos in neutral zone.
8:43 of 2nd period - Wrist shot by Brandon Hagel.
8:43 of 2nd period - Shot Blocked by MacKenzie Weegar.
9:10 of 2nd period - Matthew Boldy is hit by Timo Meier and loses puck.
9:27 of 2nd period - Slapshot by Zachary Werenski.
9:27 of 2nd period - Stopped by Thatcher Demko without a rebound.
9:28 of 2nd period - Colton Sissons wins face-off versus Raphael Lavoie in Nashville Predators zone.
9:47 of 2nd period - Zach Bogosian is hit by Travis Sanheim and loses puck.
10:06 of 2nd period - Wrist shot by Timo Meier.
10:06 of 2nd period - Shot Misses the Net.
10:08 of 2nd period - Snap shot by Alexander Wennberg.
10:08 of 2nd period - Shot Blocked by Jared McCann.
10:14 of 2nd period - Minor Penalty to Steven Stamkos for Tripping.
10:15 of 2nd period - Mika Zibanejad wins face-off versus Pius Suter in Detroit Red Wings zone.
11:01 of 2nd period - Icing by Pius Suter.
11:02 of 2nd period - Kevin Stenlund wins face-off versus Pius Suter in Nashville Predators zone.
11:03 of 2nd period - Slapshot by Zachary Werenski.
11:03 of 2nd period - Stopped by Thatcher Demko with a rebound.
11:05 of 2nd period - Slapshot by Zachary Werenski.
11:05 of 2nd period - Shot Misses the Net.
11:07 of 2nd period - Snap shot by Kevin Stenlund.
11:07 of 2nd period - Shot Misses the Net.
11:09 of 2nd period - Wrist shot by Kevin Stenlund.
11:09 of 2nd period - Stopped by Thatcher Demko without a rebound.
11:10 of 2nd period - Mika Zibanejad wins face-off versus Colton Sissons in Nashville Predators zone.
11:35 of 2nd period - Leo Carlsson is hit by Keegan Kolesar and loses puck.
12:14 of 2nd period - Penalty to Steven Stamkos is over, Steven Stamkos is back on ice.
12:25 of 2nd period - Wrist shot by Taylor Raddysh.
12:25 of 2nd period - Stopped by Laurent Brossoit without a rebound.
12:26 of 2nd period - Christian Dvorak wins face-off versus Steven Stamkos in Detroit Red Wings zone.
12:39 of 2nd period - Slapshot by Steven Stamkos.
12:39 of 2nd period - Deflect By Daniel Sprong.
12:39 of 2nd period - Deflect By Christian Dvorak.
12:39 of 2nd period - Stopped by Thatcher Demko without a rebound.
12:40 of 2nd period - Colton Sissons wins face-off versus Carter Verhaeghe in Nashville Predators zone.
13:38 of 2nd period - Slapshot by Travis Sanheim.
13:38 of 2nd period - Shot Blocked by Tyler Johnson.
13:40 of 2nd period - Slapshot by Travis Sanheim.
13:40 of 2nd period - Stopped by Laurent Brossoit with a rebound.
13:42 of 2nd period - Snap shot by Pius Suter.
13:42 of 2nd period - Shot Blocked by Christian Fischer.
13:48 of 2nd period - Minor Penalty to Zach Bogosian for Interference.
13:49 of 2nd period - Colton Sissons wins face-off versus Kevin Stenlund in Detroit Red Wings zone.
13:54 of 2nd period - Snap shot by Leo Carlsson.
13:54 of 2nd period - Deflect By Zachary Werenski.
13:54 of 2nd period - Stopped by Laurent Brossoit with a rebound.
13:56 of 2nd period - Slapshot by Trevor Zegras.
13:56 of 2nd period - Deflect By Shayne Gostisbehere.
13:56 of 2nd period - Stopped by Laurent Brossoit with a rebound.
13:58 of 2nd period - Snap shot by Leo Carlsson.
13:58 of 2nd period - Goal by Leo Carlsson - Detroit Red Wings : 0 - Nashville Predators : 2.
13:59 of 2nd period - Colton Sissons wins face-off versus Steven Stamkos in neutral zone.
14:06 of 2nd period - Slapshot by Travis Sanheim.
14:06 of 2nd period - Deflect By Alex DeBrincat.
14:06 of 2nd period - Shot Misses the Net.
14:06 of 2nd period - Puck is out of play.
14:07 of 2nd period - Colton Sissons wins face-off versus Steven Stamkos in Detroit Red Wings zone.
14:42 of 2nd period - Artem Zub is hit by MacKenzie Weegar and loses puck.
14:53 of 2nd period - Tyler Johnson is hit by Thomas Novak and loses puck.
16:23 of 2nd period - Snap shot by Brendan Gallagher.
16:23 of 2nd period - Stopped by Thatcher Demko with a rebound.
16:25 of 2nd period - Snap shot by Brendan Gallagher.
16:25 of 2nd period - Shot Misses the Net.
16:27 of 2nd period - Slapshot by MacKenzie Weegar.
16:27 of 2nd period - Shot Misses the Net.
16:29 of 2nd period - Slapshot by MacKenzie Weegar.
16:29 of 2nd period - Shot Blocked by Rasmus Andersson.
16:33 of 2nd period - Snap shot by Brendan Gallagher.
16:33 of 2nd period - Shot Misses the Net.
17:09 of 2nd period - Snap shot by Matthew Boldy.
17:09 of 2nd period - Stopped by Thatcher Demko without a rebound.
17:10 of 2nd period - Colton Sissons wins face-off versus Mika Zibanejad in Nashville Predators zone.
17:23 of 2nd period - Matthew Boldy is hit by Pius Suter and loses puck.
18:10 of 2nd period - Snap shot by Matthew Boldy.
18:10 of 2nd period - Shot Blocked by Alex DeBrincat.
18:12 of 2nd period - Wrist shot by Mika Zibanejad.
18:12 of 2nd period - Stopped by Thatcher Demko without a rebound.
18:13 of 2nd period - Alexander Wennberg wins face-off versus Steven Stamkos in Nashville Predators zone.
18:28 of 2nd period - Slapshot by Jared McCann.
18:28 of 2nd period - Shot Misses the Net.
18:59 of 2nd period - Snap shot by Jack Roslovic.
18:59 of 2nd period - Stopped by Laurent Brossoit with a rebound.
19:01 of 2nd period - Slapshot by Artem Zub.
19:01 of 2nd period - Stopped by Laurent Brossoit without a rebound.
19:02 of 2nd period - Christian Dvorak wins face-off versus Steven Stamkos in Detroit Red Wings zone.
19:29 of 2nd period - Jack Roslovic is hit by Zachary Werenski and loses puck.
19:38 of 2nd period - Slapshot by Brandon Montour.
19:38 of 2nd period - Stopped by Laurent Brossoit with a rebound.
19:53 of 2nd period - Keegan Kolesar is hit by Christian Dvorak and loses puck.
Goals for this period are 0 for Detroit Red Wings vs 2 for Nashville Predators.
Shots for this period are 13 for Detroit Red Wings vs 13 for Nashville Predators.
3rd period
0:01 of 3rd period - Colton Sissons wins face-off versus Steven Stamkos in neutral zone.
0:04 of 3rd period - Wrist shot by Colton Sissons.
0:04 of 3rd period - Deflect By Alex DeBrincat.
0:04 of 3rd period - Shot Misses the Net.
0:04 of 3rd period - Puck is out of play.
0:05 of 3rd period - Brandon Hagel wins face-off versus Steven Stamkos in Detroit Red Wings zone.
0:26 of 3rd period - Minor Penalty to Brandon Hagel for Slashing.
0:27 of 3rd period - Steven Stamkos wins face-off versus Colton Sissons in Nashville Predators zone.
0:32 of 3rd period - Snap shot by Jared McCann.
0:32 of 3rd period - Stopped by Thatcher Demko without a rebound.
0:33 of 3rd period - Colton Sissons wins face-off versus Steven Stamkos in Nashville Predators zone.
1:16 of 3rd period - Rasmus Andersson is hit by Carter Verhaeghe and loses puck.
2:26 of 3rd period - Penalty to Brandon Hagel is over, Brandon Hagel is back on ice.
2:33 of 3rd period - Christian Fischer is hit by Rasmus Andersson and loses puck.
3:28 of 3rd period - Wrist shot by Timo Meier.
3:28 of 3rd period - Deflect By Leo Carlsson.
3:28 of 3rd period - Shot Misses the Net.
3:28 of 3rd period - Puck is out of play.
3:29 of 3rd period - Alexander Wennberg wins face-off versus Christian Fischer in Detroit Red Wings zone.
4:13 of 3rd period - Minor Penalty to Brandon Hagel for Hooking.
4:14 of 3rd period - Colton Sissons wins face-off versus Mika Zibanejad in Nashville Predators zone.
4:29 of 3rd period - Snap shot by Carter Verhaeghe.
4:29 of 3rd period - Goal by Carter Verhaeghe - Detroit Red Wings : 1 - Nashville Predators : 2.
4:30 of 3rd period - Timo Meier wins face-off versus Steven Stamkos in neutral zone.
4:39 of 3rd period - Slapshot by Steven Stamkos.
4:39 of 3rd period - Goal by Steven Stamkos - Detroit Red Wings : 2 - Nashville Predators : 2.
4:40 of 3rd period - Alexander Wennberg wins face-off versus Steven Stamkos in neutral zone.
5:05 of 3rd period - Carter Verhaeghe is hit by Brandon Hagel and loses puck.
5:28 of 3rd period - Snap shot by Matthew Boldy.
5:28 of 3rd period - Stopped by Thatcher Demko without a rebound.
5:29 of 3rd period - Raphael Lavoie wins face-off versus Thomas Novak in Nashville Predators zone.
5:44 of 3rd period - Wrist shot by Leo Carlsson.
5:44 of 3rd period - Stopped by Laurent Brossoit with a rebound.
5:46 of 3rd period - Snap shot by Thomas Novak.
5:46 of 3rd period - Shot Misses the Net.
5:48 of 3rd period - Slapshot by Ben Chiarot.
5:48 of 3rd period - Stopped by Laurent Brossoit with a rebound.
5:50 of 3rd period - Slapshot by Ben Chiarot.
5:50 of 3rd period - Deflect By Thomas Novak.
5:50 of 3rd period - Deflect By Zachary Werenski.
5:50 of 3rd period - Shot Misses the Net.
5:50 of 3rd period - Puck is out of play.
5:51 of 3rd period - Alexander Wennberg wins face-off versus Steven Stamkos in Detroit Red Wings zone.
6:12 of 3rd period - Shayne Gostisbehere is hit by Artem Zub and loses puck.
6:24 of 3rd period - Off-side.
6:25 of 3rd period - Alex DeBrincat wins face-off versus Mika Zibanejad in neutral zone.
6:27 of 3rd period - Off-side.
6:28 of 3rd period - Mika Zibanejad wins face-off versus Colton Sissons in neutral zone.
6:35 of 3rd period - Slapshot by Matthew Boldy.
6:35 of 3rd period - Stopped by Thatcher Demko with a rebound.
6:59 of 3rd period - Slapshot by Steven Stamkos.
6:59 of 3rd period - Stopped by Thatcher Demko with a rebound.
7:01 of 3rd period - Slapshot by MacKenzie Weegar.
7:01 of 3rd period - Shot Misses the Net.
7:03 of 3rd period - Slapshot by Zachary Werenski.
7:03 of 3rd period - Deflect By Trevor Zegras.
7:03 of 3rd period - Stopped by Thatcher Demko without a rebound.
7:04 of 3rd period - Thomas Novak wins face-off versus Steven Stamkos in Nashville Predators zone.
7:04 of 3rd period - Thomas Novak is hit by Jackson LaCombe.
7:30 of 3rd period - Matthew Boldy is hit by Travis Sanheim and loses puck.
7:39 of 3rd period - Wrist shot by Mika Zibanejad.
7:39 of 3rd period - Stopped by Thatcher Demko without a rebound.
7:40 of 3rd period - Colton Sissons wins face-off versus Steven Stamkos in Nashville Predators zone.
8:17 of 3rd period - Snap shot by Timo Meier.
8:17 of 3rd period - Stopped by Laurent Brossoit without a rebound.
8:18 of 3rd period - Alexander Wennberg wins face-off versus Mika Zibanejad in Detroit Red Wings zone.
8:19 of 3rd period - Snap shot by Trevor Zegras.
8:19 of 3rd period - Stopped by Laurent Brossoit without a rebound.
8:20 of 3rd period - Alexander Wennberg wins face-off versus Mika Zibanejad in Detroit Red Wings zone.
8:26 of 3rd period - Off-side.
8:27 of 3rd period - Mika Zibanejad wins face-off versus Alexander Wennberg in neutral zone.
9:16 of 3rd period - Slapshot by Mika Zibanejad.
9:16 of 3rd period - Deflect By Alexander Wennberg.
9:16 of 3rd period - Stopped by Thatcher Demko with a rebound.
9:18 of 3rd period - Snap shot by Carter Verhaeghe.
9:18 of 3rd period - Stopped by Thatcher Demko without a rebound.
9:19 of 3rd period - Colton Sissons wins face-off versus Steven Stamkos in Nashville Predators zone.
10:09 of 3rd period - MacKenzie Weegar is hit by Brandon Montour and loses puck.
11:04 of 3rd period - Tyler Johnson is hit by Leo Carlsson and loses puck.
11:21 of 3rd period - Wrist shot by Christian Dvorak.
11:21 of 3rd period - Stopped by Laurent Brossoit with a rebound.
11:23 of 3rd period - Snap shot by Ben Chiarot.
11:23 of 3rd period - Stopped by Laurent Brossoit with a rebound.
11:29 of 3rd period - Snap shot by Brendan Gallagher.
11:29 of 3rd period - Shot Misses the Net.
11:31 of 3rd period - Snap shot by Keegan Kolesar.
11:31 of 3rd period - Shot Misses the Net.
12:03 of 3rd period - Snap shot by Leo Carlsson.
12:03 of 3rd period - Deflect By Pius Suter.
12:03 of 3rd period - Shot Misses the Net.
12:03 of 3rd period - Puck is out of play.
12:04 of 3rd period - Thomas Novak wins face-off versus Mika Zibanejad in Detroit Red Wings zone.
12:17 of 3rd period - Carter Verhaeghe is hit by Pius Suter and loses puck.
12:39 of 3rd period - Pius Suter is hit by Carter Verhaeghe and loses puck.
12:58 of 3rd period - Wrist shot by Mika Zibanejad.
12:58 of 3rd period - Deflect By Carter Verhaeghe.
12:58 of 3rd period - Stopped by Thatcher Demko without a rebound.
12:59 of 3rd period - Steven Stamkos wins face-off versus Brandon Hagel in Nashville Predators zone.
13:09 of 3rd period - Rasmus Andersson is hit by MacKenzie Weegar and loses puck.
13:14 of 3rd period - Wrist shot by Alex DeBrincat.
13:14 of 3rd period - Shot Misses the Net.
14:05 of 3rd period - Icing by Keegan Kolesar.
14:06 of 3rd period - Kevin Stenlund wins face-off versus Brandon Hagel in Detroit Red Wings zone.
14:23 of 3rd period - Shayne Gostisbehere is hit by Alex DeBrincat.
15:06 of 3rd period - Wrist shot by Pius Suter.
15:06 of 3rd period - Shot Misses the Net.
15:32 of 3rd period - Slapshot by Timo Meier.
15:32 of 3rd period - Shot Blocked by Jackson LaCombe.
15:34 of 3rd period - Slapshot by Timo Meier.
15:34 of 3rd period - Deflect By Trevor Zegras.
15:34 of 3rd period - Stopped by Laurent Brossoit with a rebound.
15:52 of 3rd period - Matthew Boldy is hit by Brandon Montour and loses puck.
16:23 of 3rd period - Slapshot by Shayne Gostisbehere.
16:23 of 3rd period - Deflect By Brendan Gallagher.
16:23 of 3rd period - Goal by Brendan Gallagher - Detroit Red Wings : 3 - Nashville Predators : 2.
16:24 of 3rd period - Raphael Lavoie wins face-off versus Thomas Novak in neutral zone.
17:07 of 3rd period - Minor Penalty to Artem Zub for High sticking.
17:08 of 3rd period - Colton Sissons wins face-off versus Steven Stamkos in Nashville Predators zone.
17:08 of 3rd period - Colton Sissons is hit by MacKenzie Weegar.
18:11 of 3rd period - Slapshot by Rasmus Andersson.
18:11 of 3rd period - Stopped by Laurent Brossoit with a rebound.
18:39 of 3rd period - Steven Stamkos is hit by Travis Sanheim and loses puck.
18:54 of 3rd period - Snap shot by Christian Dvorak.
18:54 of 3rd period - Goal by Christian Dvorak - Detroit Red Wings : 3 - Nashville Predators : 3.
18:55 of 3rd period - Colton Sissons wins face-off versus Steven Stamkos in neutral zone.
19:07 of 3rd period - Penalty to Artem Zub is over, Artem Zub is back on ice.
19:30 of 3rd period - Snap shot by Brandon Hagel.
19:30 of 3rd period - Stopped by Laurent Brossoit without a rebound.
19:31 of 3rd period - Thomas Novak wins face-off versus Steven Stamkos in Detroit Red Wings zone.
19:38 of 3rd period - Snap shot by Jared McCann.
19:38 of 3rd period - Stopped by Thatcher Demko with a rebound.
19:40 of 3rd period - Slapshot by Jared McCann.
19:40 of 3rd period - Stopped by Thatcher Demko without a rebound.
19:41 of 3rd period - Thomas Novak wins face-off versus Raphael Lavoie in Nashville Predators zone.
19:56 of 3rd period - Wrist shot by Leo Carlsson.
19:56 of 3rd period - Shot Misses the Net.
Goals for this period are 3 for Detroit Red Wings vs 1 for Nashville Predators.
Shots for this period are 14 for Detroit Red Wings vs 10 for Nashville Predators.
Overtime #1
0:01 of 1st overtime period - Mika Zibanejad wins face-off versus Colton Sissons in neutral zone.
0:04 of 1st overtime period - Travis Sanheim is hit by Zachary Werenski and loses puck.
0:15 of 1st overtime period - Snap shot by Colton Sissons.
0:15 of 1st overtime period - Shot Misses the Net.
0:34 of 1st overtime period - Carter Verhaeghe is hit by Brandon Hagel and loses puck.
0:54 of 1st overtime period - Icing by Jackson LaCombe.
0:55 of 1st overtime period - Alexander Wennberg wins face-off versus Steven Stamkos in Detroit Red Wings zone.
0:56 of 1st overtime period - Wrist shot by Brandon Hagel.
0:56 of 1st overtime period - Stopped by Laurent Brossoit with a rebound.
1:49 of 1st overtime period - Backhand shot by Raphael Lavoie.
1:49 of 1st overtime period - Stopped by Thatcher Demko without a rebound.
1:50 of 1st overtime period - Alexander Wennberg wins face-off versus Mika Zibanejad in Nashville Predators zone.
2:03 of 1st overtime period - Jeff Petry is hit by Brandon Montour and loses puck.
2:14 of 1st overtime period - Colton Sissons is hit by Jeff Petry and loses puck.
2:25 of 1st overtime period - Wrist shot by Matthew Boldy.
2:25 of 1st overtime period - Shot Blocked by Brandon Montour.
3:33 of 1st overtime period - MacKenzie Weegar is hit by Trevor Zegras.
3:53 of 1st overtime period - Rasmus Andersson is hit by Matthew Boldy and loses puck.
4:39 of 1st overtime period - Rasmus Andersson is hit by Jackson LaCombe and loses puck.
Goals for this period are 0 for Detroit Red Wings vs 0 for Nashville Predators.
Shots for this period are 1 for Detroit Red Wings vs 1 for Nashville Predators.
ShootOut
5:00 of 1st overtime period - Round #1.
5:00 of 1st overtime period - Detroit Red Wings, Mika Zibanejad.
5:00 of 1st overtime period - Deke by Mika Zibanejad.
5:00 of 1st overtime period - Shot Misses the Net.
5:00 of 1st overtime period - Nashville Predators, Alex DeBrincat.
5:00 of 1st overtime period - Deke by Alex DeBrincat.
5:00 of 1st overtime period - Stopped by Laurent Brossoit.
5:00 of 1st overtime period - Round #2.
5:00 of 1st overtime period - Detroit Red Wings, Steven Stamkos.
5:00 of 1st overtime period - Deke by Steven Stamkos.
5:00 of 1st overtime period - Stopped by Thatcher Demko.
5:00 of 1st overtime period - Nashville Predators, Brandon Hagel.
5:00 of 1st overtime period - Wrist shot by Brandon Hagel.
5:00 of 1st overtime period - Stopped by Laurent Brossoit.
5:00 of 1st overtime period - Round #3.
5:00 of 1st overtime period - Detroit Red Wings, Matthew Boldy.
5:00 of 1st overtime period - Deke by Matthew Boldy.
5:00 of 1st overtime period - Stopped by Thatcher Demko.
5:00 of 1st overtime period - Nashville Predators, Thomas Novak.
5:00 of 1st overtime period - Deke by Thomas Novak.
5:00 of 1st overtime period - Shot Misses the Net.
5:00 of 1st overtime period - Round #4.
5:00 of 1st overtime period - Detroit Red Wings, Carter Verhaeghe.
5:00 of 1st overtime period - Snap shot by Carter Verhaeghe.
5:00 of 1st overtime period - Stopped by Thatcher Demko.
5:00 of 1st overtime period - Nashville Predators, Timo Meier.
5:00 of 1st overtime period - Backhand shot by Timo Meier.
5:00 of 1st overtime period - Goal by Timo Meier.
Back to the Top